 Dungeon Crawl Stone Soup version 0.29.0-15-g675c0067aa (webtiles) character file.

Game seed: 8407040066378769437

2 qw the Sneak (level 1, -1/14 HPs)
             Began as a Gargoyle Delver on Sept 11, 2022.
             Slain by an orc
             ... wielding a +0 flail
              (6 damage)
             ... on level 5 of the Dungeon.
             The game lasted 00:00:07 (1481 turns).

qw the Sneak (Gargoyle Delver)                      Turns: 1481, Time: 00:00:07

Health: -1/14      AC:  5    Str: 15    XL:     1   Next: 40%
Magic:  1/1        EV: 11    Int: 10    God:
Gold:   0          SH:  0    Dex: 11    Spells: 0/0 levels left

rFire   . . .      SeeInvis .   a - +0 hand axe
rCold   . . .      Faith    .   (no shield)
rNeg    + . .      Spirit   .   b - +0 leather armour
rPois   inf        Reflect  .   (no helmet)
rElec   +          Harm     .   (no cloak)
rCorr   .          Rampage  .   (no gloves)
Will    .....                   (no boots)
Stlth   +++.......              (no amulet)
HPRegen 0.04/turn               (no ring)
MPRegen 0.07/turn               (no ring)

@: no status effects
A: sickness immunity, AC +2, negative energy resistance 1, electricity
resistance, torment resistance 1, petrification resistance
a: no special abilities


You were on level 5 of the Dungeon.
You visited 1 branch of the dungeon, and saw 1 of its levels.


Innate Abilities, Weirdness & Mutations

You are immune to sickness and miasma.
Your stone body is resilient. (AC +2)
You are immune to poison.
You resist negative energy. (rN+)
You are resistant to electric shocks. (rElec)
You are resistant to unholy torment.
You are immune to petrification.


   Skills:
 - Level 3.2 Fighting
 + Level 2.0 Axes
 - Level 1.5 Dodging
 - Level 5.4 Stealth


You couldn't memorise any spells.
You didn't know any spells.
Your spell library was empty.

Inventory:

Hand Weapons
 a - a +0 hand axe (weapon)
Armour
 b - a +0 leather armour (worn)
Wands
 g - a wand of digging (3)
Scrolls
 c - a scroll of fog
 d - a scroll of magic mapping
 e - a scroll of fear
Potions
 f - a potion of haste
 h - a potion of flight {unknown}

Dungeon Overview and Level Annotations

Branches:
Dungeon (5/15)
 Temple: D:4-7

Altars:


Message History

You start waiting.
Done waiting.
1278 ||| Stepping ~*~*~tactically~*~*~ (hiding).
You start waiting.
Done waiting.
1380 ||| Stepping ~*~*~tactically~*~*~ (hiding).
You start waiting.
An orc comes into view. It is wielding a +0 flail.
1468 ||| Stepping ~*~*~tactically~*~*~ (stealth).
Found 6 javelins.
The orc shouts!
You slash the dart slug!
The dart slug is severely wounded.
The dart slug barely misses you.
You hit the dart slug.
You kill the dart slug!
Your Axes skill increases to level 2!
You hit the orc but do no damage. The orc barely misses you.
You completely miss the orc. The orc barely misses you.
You hit the orc.
The orc is lightly wounded.
The orc hits you with a +0 flail. The orc misses you.
You hit the orc but do no damage.
The orc is lightly wounded.
The orc closely misses you.
You hit the orc but do no damage.
The orc is lightly wounded.
The orc barely misses you.
You hit the orc but do no damage.
The orc is lightly wounded.
The orc barely misses you.
You hit the orc but do no damage.
The orc is lightly wounded.
The orc hits you with a +0 flail.
You hit the orc.
The orc is almost dead.
The orc hits you with a +0 flail. x2
You die...

####### ....(. . ~~.~~
~~ ~. #~(~# .~# ~.~
#~.~# ~.~#
~.~###~.~###~.~##
~~~~.~~~~~.~~~~~.~~~
............@o......
~~~.~~~~~.~~~~~.~~~ ..
#~.~###~.~###~.~## ..~
#~.~# #~.~# .~#
#.~###~.~###~.~###~.~#
#.~~~~~.~~~~~.~~~~~.~~~
#.................... .
#.~~~~~.~~~~~.~~~~~.~
..~###~.~###~.~###~.~


You could see an orc.

Vanquished Creatures
  A dart slug (D:5)
1 creature vanquished.

Notes
Turn   | Place    | Note
-------+----------+-------------------------------------------
     0 | D:5      | qw the Gargoyle Delver began the quest for the Orb.
     0 | D:5      | Reached XP level 1. HP: 14/14 MP: 1/1
     0 | D:5      | 0 ||| qw: Version: 0.1-a-117-gfe26ee0
     0 | D:5      | 0 ||| qw: Game counter: 10182
     0 | D:5      | 0 ||| qw: Always use a shield: true
     0 | D:5      | 0 ||| qw: God list: Okawaru
     0 | D:5      | 0 ||| qw: Allow faded altars: false
     0 | D:5      | 0 ||| qw: Do Orc after D:15 true
     0 | D:5      | 0 ||| qw: Do second Lair branch before Depths: true
     0 | D:5      | 0 ||| qw: Lair rune preference: random
     0 | D:5      | 0 ||| qw: Plans: Normal
     0 | D:5      | 0 ||| PLANNING D:1-11
    54 | D:5      | 54 ||| Stepping ~*~*~tactically~*~*~ (hiding).
   156 | D:5      | 156 ||| Stepping ~*~*~tactically~*~*~ (hiding).
   258 | D:5      | 258 ||| Stepping ~*~*~tactically~*~*~ (hiding).
   360 | D:5      | 360 ||| Stepping ~*~*~tactically~*~*~ (hiding).
   462 | D:5      | 462 ||| Stepping ~*~*~tactically~*~*~ (hiding).
   564 | D:5      | 564 ||| Stepping ~*~*~tactically~*~*~ (hiding).
   666 | D:5      | 666 ||| Stepping ~*~*~tactically~*~*~ (hiding).
   768 | D:5      | 768 ||| Stepping ~*~*~tactically~*~*~ (hiding).
   870 | D:5      | 870 ||| Stepping ~*~*~tactically~*~*~ (hiding).
   972 | D:5      | 972 ||| Stepping ~*~*~tactically~*~*~ (hiding).
  1074 | D:5      | 1074 ||| Stepping ~*~*~tactically~*~*~ (hiding).
  1176 | D:5      | 1176 ||| Stepping ~*~*~tactically~*~*~ (hiding).
  1278 | D:5      | 1278 ||| Stepping ~*~*~tactically~*~*~ (hiding).
  1380 | D:5      | 1380 ||| Stepping ~*~*~tactically~*~*~ (hiding).
  1468 | D:5      | 1468 ||| Stepping ~*~*~tactically~*~*~ (stealth).
  1481 | D:5      | Slain by an orc

Levels and vault maps discovered:
D:5:      layout_loops_corners, mainiacjoe_overflow_six_doors_small,
          kennysheep_boxes, uniq_prince_ribbit1

Skill      XL: |  1 |
---------------+----+-----
Axes           | 2 |  2.0
Fighting       | |  3.2
Dodging        | |  1.5
Stealth        | |  5.4

Action                   || total
-------------------------++-------
Melee: Hand axe          ||    10
Dodge: Dodged            ||     7

Table legend:
 A = Non-vault XP
 B = Vault XP
 C = Vault XP percentage of total XP
 D = Non-vault monster count
 E = Vault monster count
 F = Vault count percentage of total count
                 A         B        C        D         E       F
            +---------+---------+-------+---------+---------+-------
      Total |       4 |       0 |   0.0 |       1 |       0 |   0.0
            +---------+---------+-------+---------+---------+-------
        D:5 |       4 |       0 |   0.0 |       1 |       0 |   0.0
            +---------+---------+-------+---------+---------+-------
